 Dungeon Crawl Stone Soup version 0.30-a0-137-gd8773701ce (webtiles) character file.

Game seed: 9964513930790287530

219 ryw the Trooper (level 5, -12/44 HPs)
             Began as a Demonspawn Monk on Sept 22, 2022.
             Killed by divine providence
             ... invoked by an orc priest
              (16 damage)
             ... on level 4 of the Dungeon.
             The game lasted 00:07:08 (4697 turns).

ryw the Trooper (Demonspawn Monk)                   Turns: 4697, Time: 00:07:09

Health: -12/44     AC:  5    Str: 11 (12) XL:     5   Next: 64%
Magic:  6/6        EV: 12    Int: 11      God:
Gold:   153        SH:  0    Dex: 15 (17) Spells: 0/6 levels left

rFire   . . .      SeeInvis .      - Unarmed
rCold   . . .      Faith    .    (no shield)
rNeg    . . .      Spirit   .    a - +0 robe
rPois   .          Reflect  .    (no helmet)
rElec   .          Harm     .    m - +0 cloak
rCorr   .          Rampage  .    (no gloves)
Will    .....                    (no boots)
Stlth   ++........               (no amulet)
HPRegen 0.14/turn                (no ring)
MPRegen 0.10/turn                (no ring)

@: studying Earth Magic
A: slimy green scales 1, ignite blood 1
a: no special abilities


You were on level 4 of the Dungeon.
You visited 1 branch of the dungeon, and saw 4 of its levels.

You collected 153 gold pieces.

Inventory:

Hand Weapons
 d - a +3 quarterstaff of chaos
Missiles
 i - 12 boomerangs (quivered)
 l - a poisoned dart
 o - 2 throwing nets
Armour
 a - a +0 robe (worn)
 m - a +0 cloak (worn)
Wands
 r - a wand of roots (5)
Scrolls
 c - a scroll of enchant weapon {unknown}
 e - 4 scrolls of teleportation {unknown}
 f - 2 scrolls of fear {unknown}
 g - a scroll of blinking {unknown}
 j - a scroll of vulnerability {unknown}
 k - a scroll of amnesia {unknown}
 p - a scroll of silence {unknown}
 q - a scroll of magic mapping {unknown}
 s - a scroll of noise {unknown}
 t - a scroll of butterflies {unknown}
 u - a scroll of immolation {unknown}
 v - a scroll of identify {unknown}
Potions
 b - a potion of ambrosia
 h - a potion of might
 n - 2 potions of curing
 w - a potion of attraction {unknown}


   Skills:
 + Level 5.3 Fighting
 - Level 0.2 Throwing
 - Level 2.6 Dodging
 - Level 1.7 Stealth
 + Level 3.5 Unarmed Combat
 * Level 1.1 Spellcasting
 * Level 1.0 Transmutations


You couldn't memorise any spells.
You knew the following spells:

 Your Spells              Type           Power      Damage    Failure   Level
a - Sting                 Tmut/Pois      4%         1d3       26%         1
b - Blade Hands           Tmut           1%         N/A       99%         5

Your spell library contained the following spells:

 Spells                   Type           Power      Damage    Failure   Level
 Poisonous Vapours        Pois/Air       0%         N/A       43%         2
 Static Discharge         Conj/Air       0%         2-2/arc   43%         2
 Portal Projectile        Hex/Tloc       0%         N/A       67%         3
 Tukima's Dance           Hex            0%         N/A       67%         3
 Olgreb's Toxic Radiance  Pois           0%         N/A       97%         4
 Arcjolt                  Conj/Air       0%         1d10      100%        5
 Lightning Bolt           Conj/Air       0%         1d11      100%        5
 Maxwell's Capacitive Co  Air            0%         ∞         100%        8


Dungeon Overview and Level Annotations

Branches:
Dungeon (4/15)
 Temple: D:4-7

Altars:
Cheibriados

Annotations:
D:3 Pargi


Innate Abilities, Weirdness & Mutations

You are partially covered in slimy green scales. (AC +2)
Your demonic aura sometimes causes spilled blood to erupt in flames.


Message History

The orc priest closely misses you. The orc attacks as you move away!
The orc closely misses you. The orc attacks as you move away!
The orc barely misses you. The orc attacks as you move away!
The orc hits you but does no damage.
The orc priest begins to cast a cantrip, but forgets the words!
The orc attacks as you move away! The orc misses you.
A kobold comes into view. It is wielding a +0 short sword.
The kobold shouts!
The orc priest mumbles some strange prayers to Beogh against you.
Beogh smites you! The orc attacks as you move away!
The orc hits you but does no damage. The orc attacks as you move away!
The orc hits you but does no damage. The orc attacks as you move away!
The orc barely misses you. The orc attacks as you move away!
The orc misses you. The orc attacks as you move away!
The orc hits you with a +0 flail.
The kobold hits you with a +0 short sword.
There is a stone staircase leading up, spattered with blood here.
You hit the orc.
The orc is heavily wounded.
The kobold attacks as you move away!
The kobold hits you with a +0 short sword.
The orc hits you with a +0 dagger. The kobold attacks as you move away!
The kobold hits you but does no damage. The orc barely misses you.
The orc attacks as you move away! The orc hits you with a +0 flail.
The orc attacks as you move away! The orc barely misses you.
Found 10 gold pieces.
You punch the orc!
You kill the orc!
The orc priest invokes the aid of Beogh against you.
Beogh smites you!
* * * LOW HITPOINT WARNING * * *
Found a scroll labelled DUMUEDGH ROWKAUD.
The orc priest barely misses you. The orc hits you with a +0 flail.
* * * LOW HITPOINT WARNING * * *
The orc priest closely misses you. The kobold attacks as you move away!
The kobold closely misses you.
The orc priest mumbles some strange prayers to Beogh against you.
Beogh smites you!
You die...

# ##.....# . ..##..#
.###. ##..#..##
.....##.......#
.........o....#
........##o...#
?$#.....##.o..## ####
.........#oK...#####...
.......##).@.........#
#+###..##.#<.........#
#...#............#
#.............####
+..............#
#..............##
#...............#
##..............##
................##


You could see an orc priest, 3 orcs and a kobold.

Vanquished Creatures
  Crazy Yiuf (D:3)
  Jessica (D:2)
  Robin (D:3)
  3 gnolls
  2 adders (D:2)
  An ufetubus (D:3)
  2 dart slugs
  7 orcs
  6 endoplasms
  4 giant cockroaches
  9 goblins
  13 hobgoblins
  2 jackals (D:2)
  3 kobolds
  7 quokkas
  7 ball pythons
  6 bats
  4 frilled lizards
  4 rats
83 creatures vanquished.

Notes
Turn   | Place    | Note
-------+----------+-------------------------------------------
     0 | D:1      | ryw the Demonspawn Monk began the quest for the Orb.
     0 | D:1      | Reached XP level 1. HP: 18/18 MP: 1/1
   218 | D:1      | Found a faded altar of an unknown god.
   289 | D:1      | Gained mutation: Your demonic aura sometimes causes spilled
                  | blood to erupt in flames. [demonic ancestry]
   289 | D:1      | Reached XP level 2. HP: 20/24 MP: 2/2
   927 | D:2      | Found a snail-covered altar of Cheibriados.
   934 | D:1      | Reached skill level 4 in Fighting
  1032 | D:2      | Reached XP level 3. HP: 11/31 MP: 3/3
  1571 | D:2      | Noticed Jessica
  1580 | D:2      | Killed Jessica
  1581 | D:2      | Reached XP level 4. HP: 38/38 MP: 4/4
  1695 | D:2      | Reached skill level 5 in Fighting
  1751 | D:2      | Learned a level 1 spell: Sting
  2357 | D:3      | Noticed Pargi
  3231 | D:3      | Found a runed translucent door.
  3232 | D:3      | Noticed Crazy Yiuf
  3245 | D:3      | Killed Crazy Yiuf
  3246 | D:3      | Gained mutation: You are partially covered in slimy green
                  | scales. (AC +2) [demonic ancestry]
  3246 | D:3      | Reached XP level 5. HP: 28/44 MP: 0/5
  4160 | D:3      | Reached skill level 1 in Spellcasting
  4213 | D:3      | Noticed Robin
  4260 | D:3      | Killed Robin
  4261 | D:3      | Reached skill level 1 in Transmutations
  4661 | D:4      | Learned a level 5 spell: Blade Hands
  4697 | D:4      | Killed from afar by an orc priest

Illustrated notes

Levels and vault maps discovered:
D:1:      elethiomel_arrival_shortcut, layout_basic,
          chequers_ecumenical_altar_twisty
D:2:      layout_rooms, basic_altar, grunt_ministairs_15, minivault_19,
          kennysheep_jessica_study
D:3:      wad_river_or_something, layout_loops_corners,
          mainiacjoe_overflow_boulevard, uniq_crazy_yiuf_cottage, uniq_pargi,
          uniq_jessica, uniq_robin
D:4:      layout_cave_pools, lemuel_doored_altar, minmay_goblin_kobold_house

Skill      XL: |  1  2  3  4  5 |
---------------+----------------+-----
Fighting       | 4 5 |  5.3
Unarmed Combat | 3 |  3.5
Spellcasting   | 1 |  1.1
Transmutations | 1 |  1.0
Throwing       | |  0.2
Dodging        | |  2.6
Stealth        | |  1.7

Action                   |  1- 3 |  4- 6 || total
-------------------------+-------+-------++-------
Melee: Unarmed           |   122 |   235 ||   357
       Punch             |     1 |     7 ||     8
Throw: Dart              |     2 |       ||     2
       Boomerang         |     2 |       ||     2
  Use: Potion            |     2 |     4 ||     6
 Stab: Sleeping          |     3 |     5 ||     8
       Distracted        |       |     1 ||     1
Armor: Robe              |    29 |    42 ||    71
Dodge: Dodged            |    83 |   176 ||   259

Table legend: (Time is in decaauts)
 A = Elapsed time spent in this place.
 B = Non-inter-level travel time spent in this place.
 C = Inter-level travel time spent in this place.
 D = Time resting spent in this place.
 E = Time spent auto-exploring this place.
 F = Levels seen in this place.
 G = Mean time per level.
                   A        B        C        D        E       F      G
               +--------+--------+--------+--------+--------+-----+--------+
         Total |   4690 |   4508 |    182 |    643 |   2972 |   4 | 1172.5 |
       Dungeon |   4690 |   4508 |    182 |    643 |   2972 |   4 | 1172.5 |
               +--------+--------+--------+--------+--------+-----+--------+

Top non-repeatable levels by time:
     D:3: 2121 daAuts
     D:2: 1590 daAuts
     D:1: 924 daAuts
     D:4: 53 daAuts
